 Dungeon Crawl Stone Soup version 0.26.0-10-g1f06aea511 (webtiles) character file.

Game seed: 3938392471698618342

417 Amaterasu the Cudgeller (level 6, -1/60 (66) HPs)
             Began as an Ogre Fighter on Jan 30, 2021.
             Slain by a wight
             ... wielding a cursed +4 spear
              (8 damage)
             ... on level 4 of the Dungeon.
             The game lasted 00:05:48 (4155 turns).

Amaterasu the Cudgeller (Ogre Fighter)              Turns: 4155, Time: 00:05:48

HP:   -1/60 (66)    AC:  5    Str: 29    XL:     6   Next: 92%
MP:   6/6           EV:  8    Int:  9    God:
Gold: 256           SH:  9    Dex:  8    Spells: 5/5 levels left

rFire    . . .     SeeInvis .   a - +1 flail
rCold    . . .     Faith    .   c - +0 kite shield
rNeg     . . .     Spirit   .   b - +0 robe
rPois    .         Reflect  .   (helmet restricted)
rElec    .         Harm     .   d - +1 cloak
rCorr    .         Rampage  .   (gloves unavailable)
Will     .....                  (boots unavailable)
Stlth    +.........             (no amulet)
HPRegen  0.20/turn              n - +6 ring of strength
MPRegen  0.10/turn              (no ring)

@: drained
A: large, unfitting armour, tough skin 1
a: no special abilities


You were on level 4 of the Dungeon.
You visited 1 branch of the dungeon, and saw 4 of its levels.

You collected 256 gold pieces.

Inventory:

Hand Weapons
 a - a +1 flail (weapon)
Armour
 b - a +0 robe (worn)
 c - a +0 kite shield (worn)
 d - a +1 cloak (worn)
Jewellery
 n - a +6 ring of strength (left hand)
Wands
 e - a wand of flame (28)
Scrolls
 h - 2 scrolls of teleportation
 j - a scroll of blinking
 k - a scroll of identify
 m - a scroll of enchant armour
Potions
 i - a potion of attraction
 l - a potion of degeneration
 o - a potion of curing


   Skills:
 * Level 5.3 Fighting
 * Level 5.6 Maces & Flails
 * Level 0.6 Armour
 * Level 3.2 Dodging
 - Level 2.6 Shields


You had 5 spell levels left.
You didn't know any spells.
Your spell library was empty.

Dungeon Overview and Level Annotations

Branches:
Dungeon (4/15)
 Temple: D:4-7

Altars:
Sif Muna
Vehumet
Zin


Innate Abilities, Weirdness & Mutations

You are too large for most types of armour.
You have tough skin. (AC +1)


Message History

* * * LOW HITPOINT WARNING * * *
You block the wight's attack.
You closely miss the wight.
The wight is almost destroyed.
The wight hits you but does no damage. The wight closely misses you.
You barely miss the wight.
The wight is almost destroyed.
You block the wight's attack. The wight closely misses you.
You block the wight's attack.
You barely miss the wight.
The wight is almost destroyed.
You block the wight's attack. x2
You closely miss the wight.
The wight is almost destroyed.
You block the wight's attack. The wight barely misses you.
You closely miss the wight.
The wight is almost destroyed.
The wight hits you but does no damage.
The wight hits you with a cursed +4 spear!
You die...

..#.#####
........>#
....####.###
.........zz#
.......#@#(#
.......#.#(#
.###...#.#z#
....z..(#z#
....###.#.#####
...(. #....<..#
...z.............#
..####.........#
#.#......##


You could see 2 wights.

Vanquished Creatures
  Sigmund (D:2)
  A centaur (D:3)
  A wight (D:4)
  An orc wizard (D:3)
  An adder (D:2)
  An ooze (D:2)
  5 worms
  A dart slug (D:1)
  A leopard gecko (D:1)
  6 orcs
  A ball python (D:3)
  2 giant cockroaches (D:1)
  8 goblins
  9 hobgoblins
  8 jackals (D:2)
  13 bats
  7 frilled lizards
  12 kobolds
  11 rats
90 creatures vanquished.

Notes
Turn   | Place    | Note
-------+----------+-------------------------------------------
     0 | D:1      | Amaterasu the Ogre Fighter began the quest for the Orb.
     0 | D:1      | Reached XP level 1. HP: 24/24 MP: 1/1
    88 | D:1      | Reached XP level 2. HP: 10/32 MP: 2/2
    95 | D:1      | HP: 1/32 [kobold/+1 dagger of holy wrath (5)]
  1172 | D:1      | Reached XP level 3. HP: 36/39 MP: 3/3
  1884 | D:2      | Noticed Sigmund
  1895 | D:2      | Killed Sigmund
  1896 | D:2      | Reached skill level 5 in Fighting
  1896 | D:2      | Reached XP level 4. HP: 29/50 MP: 4/4
  1896 | D:2      | Reached XP level 5. HP: 33/57 MP: 5/5
  2305 | D:2      | Reached skill level 5 in Maces & Flails
  2523 | D:2      | Reached XP level 6. HP: 64/66 MP: 6/6
  3036 | D:3      | Found a shimmering blue altar of Sif Muna.
  3879 | D:3      | Found a glowing silver altar of Zin.
  3879 | D:3      | Found a radiant altar of Vehumet.
  4155 | D:4      | Slain by a wight

Illustrated notes

Levels and vault maps discovered:
D:1:      dpeg_arrival_tiny_f, layout_loops_ring, palyth_stone_intersect,
          amethyst_killhole, glass_columns_c, minmay_split_cup_large
D:2:      layout_loops_corners, uniq_sigmund
D:3:      layout_basic, gammafunk_temple_overflow_wave, lemuel_blue_sif_altar
D:4:      layout_basic, lemuel_coloured_pillars_altar, serial_shops,
          kennysheep_little_box

Skill      XL: |  1  2  3  4  5  6 |
---------------+-------------------+-----
Maces & Flails | 2 3 4 5 |  5.6
Fighting       | 5 |  5.3
Dodging        | 3 |  3.2
Armour         | |  0.6
Shields        | |  2.6

Action                   |  1- 3 |  4- 6 || total
-------------------------+-------+-------++-------
Melee: Flail             |   155 |   208 ||   363
  Use: Potion            |     1 |     6 ||     7
       Scroll            |     2 |     7 ||     9
 Stab: Sleeping          |     1 |       ||     1
Armor: Robe              |    51 |    80 ||   131
       Skin              |       |    32 ||    32
Dodge: Dodged            |    58 |    73 ||   131
Block: Kite shield       |    72 |   121 ||   193
